 Dungeon Crawl Stone Soup version 0.26-a0-976-gd3b5134375 (webtiles) character file.

Game seed: 7855389772960326180

2 Descartes the Sneak (level 1, -4/10 HPs)
             Began as a Felid Delver on Dec 5, 2020.
             Slain by a centaur zombie (7 damage)
             ... on level 5 of the Dungeon.
             The game lasted 00:00:30 (55 turns).

Descartes the Sneak (Felid Delver)                    Turns: 55, Time: 00:00:30

Health: -4/10      AC:  1    Str:  8    XL:     1   Next: 25%
Magic:  2/2        EV: 18    Int: 11    God:
Gold:   9          SH:  0    Dex: 17    Spells: 0/0 levels left
                                        Lives:  0   Deaths: 0

rFire    . . .     SeeInvis +     - Unarmed
rCold    . . .     Faith    .   (shield unavailable)
rNeg     . . .     Spirit   .   (armour unavailable)
rPois    .         Reflect  .   (helmet unavailable)
rElec    .         Harm     .   (cloak unavailable)
rCorr    .         Rampage  .   (gloves unavailable)
MR       .....                  (boots unavailable)
Stlth    ++++......             (no amulet)
HPRegen  0.03/turn              (no ring)
MPRegen  0.08/turn              (no ring)

@: quick
A: very small, no armour, no weapons or thrown items, stealth, claws 1, fangs 3,
see invisible, speed 1, shaggy fur 1, sharp paws
a: no special abilities


You were on level 5 of the Dungeon.
You visited 1 branch of the dungeon, and saw 1 of its levels.

You collected 9 gold pieces.

Inventory:

Missiles
 f - 25 arrows
 g - 5 stones
Wands
 e - a wand of digging (3)
Scrolls
 a - a scroll of fog
 b - a scroll of magic mapping
 c - a scroll of fear
Potions
 d - a potion of haste


   Skills:
 - Level 3.0 Fighting
 - Level 2.6 Dodging
 + Level 6.7 Stealth
 - Level 2.0 Unarmed Combat


You couldn't memorise any spells.
You didn't know any spells.
Your spell library was empty.

Dungeon Overview and Level Annotations

Branches:
Dungeon (5/15)
 Temple: D:4-7

Altars:
Cheibriados


Innate Abilities, Weirdness & Mutations

You cannot wear armour.
You are incapable of wielding weapons or throwing items.
Your paws allow you to move quietly. (Stealth)
You have sharp claws.
You have razor-sharp teeth.
You have supernaturally acute eyesight. (SInv)
You cover ground quickly.
You are covered in fur. (AC +1)
Your sharp claws are effective at attacking unaware monsters.


Message History

You closely miss the quokka. The quokka misses you.
You closely miss the quokka. The quokka bites you.
There is an open door here.
You closely miss the quokka. You bite the quokka.
The quokka is severely wounded.
The quokka bites you.
You closely miss the quokka.
The quokka is severely wounded.
The quokka bites you.
* * * LOW HITPOINT WARNING * * *
You scratch the quokka.
You kill the quokka!
You completely miss the centaur zombie.
The centaur zombie barely misses you. x2
You scratch the centaur zombie but do no damage.
The centaur zombie misses you.
You scratch the centaur zombie.
The centaur zombie is lightly damaged.
The centaur zombie hits you!
Ouch! That really hurt!
You die...

...#......#...#######.#
.................>....#
....................#.##
....................#..#
.......................#
.....###......###+###..#
... #......# #.# #..# .
###.####.###.###.##
......##.Z@._..'.#
..........#######.#
#..........# ### #.#
#..........#######.#
#..................#
#..........Z......##
......###.......# .!...#
#.......# ..$..
#.....###


You could see a centaur zombie.

Vanquished Creatures
  A quokka (D:5)
  A ball python (D:5)
2 creatures vanquished.

Notes
Turn   | Place    | Note
-------+----------+-------------------------------------------
     0 | D:5      | Descartes the Felid Delver began the quest for the Orb.
     0 | D:5      | Reached XP level 1. HP: 10/10 MP: 2/2
     9 | D:5      | Found a snail-covered altar of Cheibriados.
    55 | D:5      | Slain by a centaur zombie

Illustrated notes

Levels and vault maps discovered:
D:5:      layout_basic, nicolae_overflow_hidden_temple, lemuel_doored_altar,
          uniq_edmund

Action                   || total
-------------------------++-------
Melee: Unarmed           ||    11
       Bite              ||     1
 Stab: Sleeping          ||     1
Armor: Skin              ||     1
Dodge: Dodged            ||     6

Table legend: (Time is in decaauts)
 A = Elapsed time spent in this place.
 B = Non-inter-level travel time spent in this place.
 C = Inter-level travel time spent in this place.
 D = Time resting spent in this place.
 E = Time spent auto-exploring this place.
 F = Levels seen in this place.
 G = Mean time per level.
                   A        B        C        D        E       F      G
               +--------+--------+--------+--------+--------+-----+--------+
         Total |     46 |     46 |      0 |      0 |     23 |   1 |   46.0 |
       Dungeon |     46 |     46 |      0 |      0 |     23 |   1 |   46.0 |
               +--------+--------+--------+--------+--------+-----+--------+

Top non-repeatable levels by time:
     D:5: 46 daAuts
